 Dungeon Crawl Stone Soup version 0.31-a0-986-g5e6e4ef867 (webtiles) character file.

Game seed: 12211400058302949779

24117 DocClef the Grappler (level 12, 0/140 HPs)
             Began as a Troll Shapeshifter on Nov 6, 2023.
             Was an Elder of Trog.
             Slain by a jumping spider (4 damage)
             ... summoned by a broodmother
             ... on level 4 of the Lair of Beasts.
             The game lasted 00:21:13 (11524 turns).

DocClef the Grappler (Troll Shapeshifter)          Turns: 11524, Time: 00:21:15

Health: 0/140      AC:  6    Str: 34    XL:     12   Next: 77%
Magic:  0/11       EV: 10    Int: 10    God:    Trog [****..]
Gold:   872        SH:  0    Dex: 14    Spells: 11/11 levels left

rFire   . .          .
                       - Unarmed
rCold   + . .        (no shield)
rNeg    . . .        J - +2 robe {rC+}
rPois   .            (helmet currently unavailable)
rElec   .            (cloak currently unavailable)
rCorr   .            (gloves unavailable)
SInv    .            (boots unavailable)
Will    ++...        q - amulet of guardian spirit
Stlth   +            y - +6 ring of dexterity
HPRegen 2.23/turn    w - +6 ring of strength
MPRegen 0.12/turn

%: clarity, guardian spirit
@: beast-form, strong-willed, regenerating
A: beast (slay +4), large, unfitting armour, claws 3, regeneration 1, shaggy fur
1, tough skin 1, clarity, clever 1, robust 1
a: Begin Untransformation, Renounce Religion, Berserk, Trog's Hand, Brothers in
Arms


You were on level 4 of the Lair of Beasts.
You worshipped Trog.
Trog was greatly pleased with you.
You were a hulking beast.
You visited 3 branches of the dungeon, and saw 16 of its levels.
You also visited: Bailey.

You collected 872 gold pieces.

Inventory:

Missiles
 v - a throwing net
Armour
 r - a +0 robe of fire resistance
 J - a +2 robe of cold resistance (worn)
Jewellery
 q - an amulet of guardian spirit (around neck)
 w - a +6 ring of strength (right claw)
 y - a +6 ring of dexterity (left claw)
 I - a ring of ice
Talismans
 c - a beast talisman
 d - a flux talisman
 E - a talisman of death
Wands
 f - a wand of polymorph (2)
 k - a wand of digging (3)
 l - a wand of flame (20)
 p - a wand of mindburst (5)
 D - a wand of acid (8)
Scrolls
 i - a scroll of brand weapon
 j - 3 scrolls of vulnerability
 m - 2 scrolls of enchant weapon
 o - 6 scrolls of teleportation
 s - 2 scrolls of identify
 u - 3 scrolls of fog
 z - 3 scrolls of revelation {unknown}
 F - a scroll of enchant armour {unknown}
 G - a scroll of fear
Potions
 a - a potion of ambrosia
 b - 5 potions of lignification
 e - 6 potions of heal wounds
 g - a potion of resistance {unknown}
 h - a potion of enlightenment {unknown}
 n - 3 potions of magic
 t - 2 potions of haste
 x - a potion of attraction
 A - 2 potions of cancellation
 B - 3 potions of invisibility
 C - a potion of might {unknown}
 H - 2 potions of berserk rage {unknown}


   Skills:
 + Level 10.8 Fighting
 - Level 1.5 Dodging
 + Level 12.9 Unarmed Combat
 - Level 3.0 Evocations
 + Level 11.3 Shapeshifting


You had 11 spell levels left.
You didn't know any spells.
Your spell library contained the following spells:

 Spells                   Type           Power      Damage    Failure   Level
 Magic Dart               Conj           0%         1d3       36%         1
 Call Imp                 Summ           0%         N/A       50%         2
 Mephitic Cloud           Conj/Pois/Air  0%         N/A       75%         3


Dungeon Overview and Level Annotations

Branches:
Dungeon (11/15)            Temple (1/1) D:4            Lair (4/5) D:9
  Swamp (0/4) Lair:3       Spider (0/4) Lair:2          Orc (0/2) D:11
 Bailey (visited)
  Slime: Lair:4-5

Altars:
Ashenzari
Cheibriados
Dithmenos
Elyvilon
Fedhas
Gozag
Hepliaklqana
Kikubaaqudgha
Makhleb
Nemelex Xobeh
Okawaru
Qazlal
Ru
Sif Muna
Trog
Uskayaw
Vehumet
Wu Jian
Xom
Yredelemnul
Zin
The Shining One
Lugonu

Shops:
D:2 (   D:4 [

Annotations:
D:11 1 transporter
Lair:1 3 runed translucent doors, DocClef's ghost, journeyman GnFi; wireframewife's ghost, journeyman AtFi
Lair:4 2 transporters


Innate Abilities, Weirdness & Mutations

You are a hulking beast.
Your limbs bulge with bestial killing power. (Slay +4)
You are too large for most types of armour.
You have claws for hands.
Your natural rate of healing is unusually fast.
You are covered in fur. (AC +1)
You have tough skin. (AC +1)
You possess an exceptional clarity of mind.
Your mind is acute. (Int +4, Str/Dex -1)
You are robust. (+10% HP)


Message History

The four-headed hydra evaporates and reforms as a broodmother!
Found 16 gold pieces.
The broodmother summons spiders!
The wolf spider barely misses you. The wolf spider bites you!
A basilisk comes into view.
The wolf spider barely misses you. The wolf spider bites you!
Your skin crawls.
You feel strong-willed. The jumping spider barely misses you.
The jumping spider bites you. The broodmother closely misses you.
You mangle the broodmother!! You claw the broodmother!
The broodmother is moderately wounded.
The wolf spider misses you.
The wolf spider bites you but does no damage.
The jumping spider pounces on you. The jumping spider bites you.
The broodmother bites you!!
A spider bursts forth from the wound!
You mangle the broodmother!! You claw the broodmother.
The broodmother is heavily wounded.
The wolf spider hits you! The wolf spider bites you.
The jumping spider pounces on you!
You are caught in a web!
The jumping spider barely misses you.
The jumping spider leaps!
Unknown command.
The web tears apart.
The wolf spider hits you!
The wolf spider bites you but does no damage.
The jumping spider pounces on you!
The jumping spider bites you but does no damage.
The broodmother barely misses you. The broodmother bites you!
You eviscerate the broodmother!!!
The broodmother is severely wounded.
The jumping spider leaps!
The jumping spider barely misses you. The jumping spider bites you.
The broodmother bites you!!!
* * * LOW HITPOINT WARNING * * *
Unknown command.
You scratch the broodmother.
The broodmother is severely wounded.
The wolf spider hits you!
* * * LOW HITPOINT WARNING * * *
The wolf spider bites you!
* * * LOW HITPOINT WARNING * * *
The jumping spider pounces on you.
You die...

#.P.$## #. ..
#.....##....#.. .
##....... ...#..
..#.......##....# ..
...P............#..##
................#....
.....>ss............#
.....lsh..#.........##
...........#.........#
.......°.##.....#....#
...s...........#.....#
.....#...##.P.#......#
....#.#####..........#
...### #..#####....#
... #...##.....P#
#P..........#


You could see a broodmother, a wolf spider (summoned), a basilisk and 2 jumping
spiders.

Vanquished Creatures
  Fannar (Lair:3)
  A great orb of eyes (Lair:3)
  A two-headed ogre (D:10)
  3 death yaks (D:9)
  A manticore (D:11)
  5 elephants (Lair:3)
  A gargoyle (D:11)
  A black mamba (Lair:2)
  2 torpor snails (Lair:3)
  7 cane toads
  3 rime drakes
  2 komodo dragons
  A meliai (Lair:2)
  A polar bear (Lair:1)
  Grinder (D:3)
  A troll (D:10)
  13 blink frogs
  A shadow (D:11)
  Sigmund (D:3)
  A wraith (D:11)
  3 wyverns
  26 yaks
  2 steam dragons
  5 water moccasins
  5 orc warriors
  A swamp drake (Lair:3)
  3 ice beasts
  A sky beast (D:7)
  4 black bears (D:6)
  An ogre (D:6)
  5 centaurs
  11 wolves
  2 phantoms (D:6)
  A kobold brigand (D:10)
  11 bullfrogs
  3 scorpions
  7 killer bees
  4 howler monkeys
  5 hounds
  2 jellies (D:6)
  2 gnoll boudas (D:6)
  4 orc priests
  6 iguanas
  Terence (D:2)
  Jessica (D:2)
  5 orc wizards
  9 adders
  18 gnolls
  2 river rats (D:9)
  A shadow imp (D:6)
  2 white imps
  An ufetubus (D:6)
  3 worms (D:2)
  4 dart slugs
  49 orcs
  8 ball pythons
  3 bats
  4 endoplasms
  2 giant cockroaches
  2 goblins
  11 hobgoblins
  5 quokkas
  3 frilled lizards
  15 kobolds
  5 rats
316 creatures vanquished.

Notes
Turn   | Place    | Note
-------+----------+-------------------------------------------
     0 | D:1      | DocClef the Troll Shapeshifter began the quest for the Orb.
     0 | D:1      | Reached XP level 1. HP: 18/18 MP: 0/0
    97 | D:1      | Reached skill level 1 in Fighting
   163 | D:1      | Found a faded altar of an unknown god.
   247 | D:1      | Reached XP level 2. HP: 27/27 MP: 1/1
   546 | D:2      | Found Seok's Antique Weapon Shoppe.
   647 | D:2      | Noticed Terence
   666 | D:2      | Killed Terence
   667 | D:2      | Reached XP level 3. HP: 28/35 MP: 2/2
   713 | D:2      | Reached XP level 4. HP: 29/42 MP: 3/3
   756 | D:2      | Noticed Jessica
   765 | D:2      | Killed Jessica
   873 | D:2      | Reached skill level 4 in Unarmed Combat
  1126 | D:2      | Reached XP level 5. HP: 46/50 MP: 4/4
  1402 | D:3      | Noticed Grinder
  1403 | D:3      | Paralysed by Grinder for 2 turns
  1411 | D:3      | Killed Grinder
  1412 | D:3      | Reached XP level 6. HP: 53/61 MP: 1/5
  1458 | D:3      | Found an iron altar of Okawaru.
  1555 | D:3      | Noticed Sigmund
  1565 | D:3      | Killed Sigmund
  1566 | D:3      | Reached skill level 5 in Unarmed Combat
  1566 | D:3      | Reached XP level 7. HP: 63/67 MP: 4/6
  1632 | D:3      | Found a shadowy altar of Dithmenos.
  1644 | D:3      | Identified the +0 hat "Ikyrecof" {+Blink rN+ Str+3}
  1749 | D:3      | Reached skill level 5 in Shapeshifting
  2157 | D:4      | Found a bloodstained altar of Trog.
  2301 | D:4      | Found Goyrch's Armour Emporium.
  2476 | D:4      | Found a basalt altar of Yredelemnul.
  2476 | D:4      | Found an opulent altar of Gozag.
  2677 | D:4      | Found a staircase to the Ecumenical Temple.
  2684 | Temple   | Entered the Ecumenical Temple
  2762 | D:4      | Became a worshipper of Trog the Wrathful
  2776 | D:5      | Entered Level 5 of the Dungeon
  3143 | D:5      | Reached skill level 6 in Unarmed Combat
  3154 | D:5      | Reached XP level 8. HP: 79/79 MP: 7/7
  3579 | D:6      | Found a blossoming altar of Fedhas.
  3662 | D:6      | Reached skill level 5 in Fighting
  3668 | D:6      | Reached skill level 7 in Unarmed Combat
  3833 | D:6      | Reached * piety under Trog
  3876 | D:6      | Reached XP level 9. HP: 89/89 MP: 8/8
  4220 | D:6      | Reached skill level 8 in Unarmed Combat
  4575 | D:7      | Found a flagged portal.
  4588 | Bailey   | Entered a bailey
  4751 | Bailey   | Reached ** piety under Trog
  4799 | Bailey   | HP: 2/83 [gnoll/+2 halberd of electrocution (11)]
  5297 | D:7      | Found a glowing golden altar of the Shining One.
  5298 | D:7      | Found a hazy altar of Hepliaklqana.
  5303 | D:7      | Reached skill level 1 in Evocations
  5329 | D:7      | Found a shimmering altar of Xom.
  5355 | D:7      | Found a snail-covered altar of Cheibriados.
  5638 | D:8      | Reached XP level 10. HP: 99/102 MP: 9/9
  5702 | D:8      | Found a sacrificial altar of Ru.
  5764 | D:8      | Reached skill level 9 in Unarmed Combat
  5945 | D:8      | Found a burning altar of Makhleb.
  6410 | D:9      | Reached *** piety under Trog
  6436 | D:9      | Noticed a death yak
  6441 | D:9      | Noticed a death yak
  6490 | D:8      | Gained mutation: Your spells are a little easier to cast,
                  | but a little less powerful. [potion of mutation]
  6490 | D:8      | Gained mutation: Your mind is acute. (Int +4, Str/Dex -1)
                  | [potion of mutation]
  6491 | D:8      | Lost mutation: Your mind is acute. (Int +4, Str/Dex -1)
                  | [potion of mutation]
  6491 | D:8      | Lost mutation: Your spells are a little easier to cast, but
                  | a little less powerful. [potion of mutation]
  6491 | D:8      | Gained mutation: You are robust. (+10% HP) [potion of
                  | mutation]
  6491 | D:8      | Gained mutation: You possess an exceptional clarity of
                  | mind. [potion of mutation]
  6491 | D:8      | Gained mutation: Your mind is acute. (Int +4, Str/Dex -1)
                  | [potion of mutation]
  6591 | D:9      | Found a staircase to the Lair.
  6619 | D:10     | Entered Level 10 of the Dungeon
  7043 | D:10     | Noticed a two-headed ogre
  7052 | D:10     | Killed a two-headed ogre
  7398 | D:11     | Found a staircase to the Orcish Mines.
  7430 | D:11     | Noticed a manticore
  7441 | D:11     | Killed a manticore
  7483 | D:11     | Noticed a gargoyle
  7491 | D:11     | Killed a gargoyle
  7492 | D:11     | Reached skill level 10 in Unarmed Combat
  7690 | D:11     | Found a transporter.
  7690 | D:11     | Found a corrupted altar of Lugonu.
  7690 | D:11     | Noticed a brown ugly thing
  7691 | D:11     | Noticed a cyan ugly thing
  7692 | D:11     | Noticed a white ugly thing
  7692 | D:11     | Noticed a white ugly thing
  8108 | D:9      | Noticed a death yak
  8119 | D:9      | Killed a death yak
  8120 | D:9      | Reached XP level 11. HP: 105/124 MP: 5/10
  8125 | D:9      | Killed a death yak
  8222 | D:9      | Killed a death yak
  8401 | Lair:1   | Entered Level 1 of the Lair of Beasts
  8724 | Lair:1   | Reached skill level 11 in Unarmed Combat
  8927 | Lair:1   | Found a runed translucent gate.
  8927 | Lair:1   | Found a runed translucent gate.
  8927 | Lair:1   | Found a runed translucent gate.
  8989 | Lair:1   | Noticed wireframewife's ghost (journeyman AtFi)
  8989 | Lair:1   | Noticed DocClef's ghost (journeyman GnFi)
  9503 | Lair:2   | Reached skill level 10 in Shapeshifting
  9612 | Lair:2   | Reached **** piety under Trog
  9781 | Lair:2   | Found a hole to the Spider Nest.
  9850 | Lair:2   | Reached XP level 12. HP: 91/138 MP: 9/11
 10442 | Lair:3   | Reached skill level 10 in Fighting
 10475 | Lair:3   | Reached skill level 12 in Unarmed Combat
 10648 | Lair:3   | Noticed an eight-headed hydra
 10649 | Lair:3   | an eight-headed hydra changed into a great orb of eyes
 10649 | Lair:3   | Noticed a great orb of eyes
 10659 | Lair:3   | Killed a great orb of eyes
 10896 | Lair:3   | Noticed Fannar
 10918 | Lair:3   | Killed Fannar
 11053 | Lair:3   | Found a staircase to the Swamp.
 11402 | Lair:4   | Found a transporter.
 11439 | Lair:4   | Found a transporter.
 11514 | Lair:4   | Noticed a four-headed hydra
 11515 | Lair:4   | a four-headed hydra changed into a broodmother
 11515 | Lair:4   | Noticed a broodmother
 11524 | Lair:4   | HP: 4/140 [wolf spider[a broodmother] (10)]
 11524 | Lair:4   | Slain by a jumping spider

Illustrated notes

Levels and vault maps discovered:
D:1:      amcnicky_arrival_feature_with_door, layout_rooms,
          chequers_ecumenical_altar_island, minmay_misc_feat_nine_boxes
D:2:      kennysheep_six_static_rooms, layout_rooms, serial_shops, shop,
          uniq_jessica, uniq_terence
D:3:      layout_loops_cross, okawaru_metal_pillars_1_2, grunt_dithmenos_smoke,
          uniq_sigmund, uniq_grinder
D:4:      minmay_wonky_spiral, layout_basic, gammafunk_temple_overflow_elements,
          lemuel_tele_altar, minmay_temple_entry_fiery, serial_shops, shop
D:5:      layout_basic, reono_crystal_passage, kennysheep_flooded_box
D:6:      minmay_razor_zed, layout_basic, mainiacjoe_overflow_alcove_1
D:7:      layout_rooms, mainiacjoe_overflow_tiny_flanked,
          chequers_temple_overflow_statue_of_worship, enter_bailey_4
D:8:      layout_cave_pools, makhleb_altar_promises_db,
          nicolae_overflow_crystal_walls, minmay_misc_feat_secret_circle
D:9:      layout_rooms, dpeg_lair_monsters
D:10:     layout_long_grid, grunt_decor_cap
D:11:     gammafunk_corrupted_shrine, layout_basic, orc_0_dummy,
          nicolae_demonic_statue_gallery
Temple:   hellmonk_temple_beads
Lair:1:   layout_misc_corridors, gammafunk_ghost_cemetery, serial_bayou_pond_e
Lair:2:   layout_gridlike, hellmonk_spider_entry_not_the_bees,
          grunt_megastairs_5, lemuel_fruit_tree
Lair:3:   layout_chaotic_city, mainiacjoe_swamp_entry_lozenge_pond,
          minmay_lindwurm_lava, lemuel_fruit_fields, uniq_fannar
Lair:4:   gammafunk_worm_tunnel, layout_gridlike, slime_entry_1,
          gammafunk_ghost_berserking_beasts, minivault_24,
          infiniplex_staircase_pool

Skill      XL: |  1  2  3  4  5  6  7  8  9 10 11 12 |
---------------+-------------------------------------+-----
Fighting       | 1 2 3 4 5 7 8 9 10 | 10.8
Unarmed Combat | 4 5 6 7 8 10 11 12 | 12.9
Shapeshifting  | 4 5 6 7 8 10 11 | 11.3
Evocations     | 1 3 |  3.0
Dodging        | |  1.5

Action                     |  1- 3 |  4- 6 |  7- 9 | 10-12 || total
---------------------------+-------+-------+-------+-------++-------
  Melee: Unarmed           |    60 |    82 |   329 |   419 ||   890
         Punch             |     2 |       |    14 |    41 ||    57
 Invoke: Trog's Hand       |       |       |     1 |     7 ||     8
         Berserk           |       |       |     1 |     3 ||     4
  Evoke: Wand              |       |       |       |     2 ||     2
    Use: Scroll            |       |       |     2 |    22 ||    24
         Potion            |       |       |       |     2 ||     2
   Stab: Sleeping          |       |       |     3 |     1 ||     4
 Armour: Animal skin       |    38 |    43 |       |       ||    81
         Robe              |       |       |   265 |   363 ||   628
  Dodge: Dodged            |    26 |    41 |   145 |   217 ||   429

Table legend: (Time is in decaauts)
 A = Elapsed time spent in this place.
 B = Non-inter-level travel time spent in this place.
 C = Inter-level travel time spent in this place.
 D = Time resting spent in this place.
 E = Time spent auto-exploring this place.
 F = Levels seen in this place.
 G = Mean time per level.
                   A        B        C        D        E       F      G
               +--------+--------+--------+--------+--------+-----+--------+
         Total |  11432 |  10764 |    668 |    582 |   8011 |  17 |  672.5 |
       Dungeon |   7996 |   7373 |    623 |    503 |   5514 |  11 |  726.9 |
        Temple |      1 |      1 |      0 |      0 |      0 |   1 |    1.0 |
          Lair |   2926 |   2882 |     44 |     14 |   2158 |   4 |  731.5 |
        Bailey |    507 |    507 |      0 |     65 |    339 |   1 |  507.0 |
               +--------+--------+--------+--------+--------+-----+--------+

Top non-repeatable levels by time:
     D:6: 1286 daAuts
  Lair:2: 934 daAuts
     D:4: 899 daAuts
  Lair:1: 893 daAuts
  Lair:3: 880 daAuts
    D:10: 810 daAuts
     D:9: 778 daAuts
     D:3: 750 daAuts
     D:8: 722 daAuts
     D:7: 632 daAuts
     D:2: 600 daAuts
     D:1: 544 daAuts
  Bailey: 507 daAuts
    D:11: 490 daAuts
     D:5: 481 daAuts
